[Event "Titled Tuesday Blitz August 15 Early 2023"]
[White "Matlakov, Maxim"]
[Black "Petkov, Momchil"]
[WhiteFideId "4168003"]
[BlackFideId "2921642"]
[WhiteElo "2972"]
[BlackElo "2773"]
[Result "1-0"]
[Round "6"]
[TimeControl "180+1"]
[Date "2023.08.15"]
[WhiteClock "0:00:56"]
[BlackClock "0:00:09"]
[Board "21"]

1. d4 Nf6 2. Nf3 d5 3. Bg5 Ne4 4. Bh4 c5 5. e3 Nc6 6. Nbd2 Nxd2 7. Qxd2 cxd4 8. exd4 Bg4 9. Ne5 Bd7 10. c3 Qc7 11. Bg3 Nxe5 12. Bxe5 Qb6 13. Bd3 e6 14. O-O f6 15. Bg3 Bd6 16. Rfe1 O-O 17. Qc2 h6 18. Re3 Rae8 19. Rae1 Qc7 20. Bh7+ Kh8 21. Bg6 Re7 22. Qe2 Bxg3 23. hxg3 Qd6 24. g4 Be8 25. Bf5 Bd7 26. Bxe6 Rfe8 27. Bxd7 Rxe3 28. fxe3 Qxd7 29. Qf3 Re4 30. c4 Qxg4 31. cxd5 Kg8 32. Qxg4 Rxg4 33. Rc1 Re4 34. Kf2 Kf7 35. Rc7+ Kf8 36. Rxb7 Re7 37. Rxe7 Kxe7 38. e4 Kd6 39. g4 g6 40. Kf3 f5 41. gxf5 gxf5 42. exf5 Kxd5 43. Kg4 a5 44. Kh5 a4 45. Kxh6 Kxd4 46. f6 Kd3 47. f7 1-0


[Site "https://www.chess.com"]

[Event "Titled Tuesday Blitz August 15 Early 2023"]
[White "Hakobyan, Aram"]
[Black "Schmakel, Sam"]
[WhiteFideId "13306677"]
[BlackFideId "2039311"]
[WhiteElo "2955"]
[BlackElo "2772"]
[Result "1-0"]
[Round "6"]
[TimeControl "180+1"]
[Date "2023.08.15"]
[WhiteClock "0:00:27"]
[BlackClock "0:00:00"]
[Board "22"]

1. d4 Nf6 2. c4 e6 3. Nc3 Bb4 4. e3 O-O 5. a3 Bxc3+ 6. bxc3 c5 7. Ne2 d5 8. cxd5 exd5 9. Ng3 b6 10. Bd3 Ba6 11. O-O Re8 12. f3 Bxd3 13. Qxd3 Nc6 14. Ra2 Rc8 15. Re2 a5 16. Bb2 c4 17. Qc2 b5 18. e4 b4 19. e5 Nd7 20. Nf5 Rb8 21. f4 bxc3 22. Bxc3 Rb3 23. Re3 Qb6 24. Qf2 Rb1 25. Rg3 g6 26. Nh6+ Kg7 27. f5 Ndxe5 28. f6+ Kf8 29. dxe5 d4 30. Bd2 Rxe5 31. Ng4 Rf5 32. Rxb1 Qxb1+ 33. Qe1 Rb5 34. Bh6+ Kg8 35. Qxb1 Rxb1+ 36. Kf2 c3 37. Bg7 h5 38. Nh6+ Kh7 39. Nxf7 c2 40. Ng5+ Kg8 41. Bh6 Ne5 42. Ne6 Ng4+ 43. Rxg4 hxg4 44. Nd8 Kh7 45. f7 1-0


[Site "https://www.chess.com"]

[Event "Titled Tuesday Blitz August 15 Early 2023"]
[White "Badmatsyrenov, Oleg"]
[Black "Terry, Renato"]
[WhiteFideId "24115762"]
[BlackFideId "3803457"]
[WhiteElo "2751"]
[BlackElo "2927"]
[Result "0-1"]
[Round "6"]
[TimeControl "180+1"]
[Date "2023.08.15"]
[WhiteClock "0:00:01"]
[BlackClock "0:00:17"]
[Board "24"]

1. e4 c6 2. d4 d5 3. Nc3 g6 4. h3 Bg7 5. Nf3 Nh6 6. Bxh6 Bxh6 7. Bd3 O-O 8. O-O e6 9. Re1 Nd7 10. Qe2 a6 11. Rad1 b5 12. exd5 cxd5 13. Ne5 Nxe5 14. dxe5 b4 15. Na4 Qa5 16. b3 Bd7 17. Nb2 Qa3 18. Rb1 Rfc8 19. Nd1 Qxa2 20. Ne3 Bxe3 21. Qxe3 Qa5 22. Qf4 Bb5 23. Ra1 Qc7 24. Qxb4 Bxd3 25. cxd3 Rcb8 26. Qa4 Qc3 27. Rec1 Qxd3 28. Qf4 Rxb3 29. Qf6 Rbb8 30. Rc7 Rf8 31. g4 Qxh3 32. Ra4 Rab8 33. Rc1 a5 34. Rf4 Rb4 35. g5 Rxf4 36. Qxf4 Qf5 37. Qxf5 gxf5 38. Ra1 Ra8 39. Ra4 Kg7 40. f4 h6 41. gxh6+ Kxh6 42. Kf2 Kh5 43. Kg3 Kg6 44. Kf3 Kg7 45. Ke3 Kh7 46. Kd4 Kg6 47. Kc5 Kh5 48. Kd6 Kg4 49. Ke7 Ra7+ 50. Kd6 Kf3 51. Kc6 Ke3 52. Kb6 Ra8 53. Kb7 Rf8 54. Rxa5 Kxf4 55. Ra8 Rxa8 0-1


[Site "https://www.chess.com"]

[Event "Titled Tuesday Blitz August 15 Early 2023"]
[White "Volkov, Maksim"]
[Black "Drygalov, Andrey"]
[WhiteFideId "54123070"]
[BlackFideId "24171735"]
[WhiteElo "2750"]
[BlackElo "2923"]
[Result "0-1"]
[Round "6"]
[TimeControl "180+1"]
[Date "2023.08.15"]
[WhiteClock "0:00:02"]
[BlackClock "0:00:29"]
[Board "25"]

1. d4 Nf6 2. c4 e6 3. g3 d5 4. Bg2 Bb4+ 5. Bd2 Be7 6. Nf3 O-O 7. O-O Bd7 8. Qc2 dxc4 9. Ne5 Bc6 10. Nxc6 Nxc6 11. e3 e5 12. Bxc6 bxc6 13. dxe5 Nd7 14. Bc3 Nb6 15. Rd1 Qc8 16. Nd2 Qe6 17. Qe4 Rad8 18. Nf3 Rd5 19. Qf4 Rfd8 20. Nd4 Qg6 21. Kg2 Bf8 22. Re1 c5 23. Nf3 Rd3 24. e4 Be7 25. h4 Qe6 26. Rec1 Na4 27. Ne1 R3d7 28. Qe3 Qc6 29. Rc2 h6 30. b3 Nb6 31. Ba5 cxb3 32. axb3 Qb5 33. Qf4 Qxb3 34. Rac1 Qe6 35. Nf3 Rd3 36. Be1 c4 37. h5 Bc5 38. Nh4 Be7 39. Nf5 Bg5 40. Qg4 Qxe5 41. Rb1 Kh7 42. Kh3 Re8 43. f3 Qe6 44. Kh2 g6 45. hxg6+ fxg6 46. Nh4 Qxg4 47. fxg4 Rxe4 48. Nf3 Rxf3 0-1


[Site "https://www.chess.com"]

[Event "Titled Tuesday Blitz August 15 Early 2023"]
[White "Kazakouski, Valery"]
[Black "Hambleton, Aman"]
[WhiteFideId "13507443"]
[BlackFideId "2606577"]
[WhiteElo "2919"]
[BlackElo "2764"]
[Result "1-0"]
[Round "6"]
[TimeControl "180+1"]
[Date "2023.08.15"]
[WhiteClock "0:02:13"]
[BlackClock "0:00:00"]
[Board "26"]

1. Nf3 d5 2. c4 c6 3. g3 Nf6 4. Bg2 Bf5 5. Qb3 Qb6 6. d3 Nbd7 7. O-O e6 8. cxd5 Qxb3 9. axb3 exd5 10. Bd2 Nc5 11. Nd4 Bd7 12. b4 Ne6 13. Nb3 a6 14. Na3 Bd6 15. Nc2 O-O 16. Bc3 Rfe8 17. Rfe1 h5 18. e4 dxe4 19. dxe4 Be7 20. Rad1 Rad8 21. Na5 Bc8 22. Ne3 Ng4 23. Nf5 Bf8 24. h3 Nf6 25. Nc4 Nh7 26. Nfd6 Re7 27. e5 g6 28. Nb6 Bd7 29. Nxb7 Rb8 30. Nxd7 Rxb7 31. Bxc6 Rc7 32. Ba4 Bg7 33. Nf6+ Bxf6 34. exf6 1-0


[Site "https://www.chess.com"]

[Event "Titled Tuesday Blitz August 15 Early 2023"]
[White "Zhigalko, Sergei"]
[Black "Alex_Sahakyan2006"]
[WhiteFideId "13502956"]
[WhiteElo "2918"]
[BlackElo "2724"]
[Result "1-0"]
[Round "6"]
[TimeControl "180+1"]
[Date "2023.08.15"]
[WhiteClock "0:00:06"]
[BlackClock "0:00:10"]
[Board "27"]

1. e4 e5 2. Nf3 Nc6 3. Bc4 Nf6 4. d3 Bc5 5. O-O d6 6. c3 a5 7. Nbd2 O-O 8. h3 h6 9. Re1 a4 10. Nf1 Ra5 11. a3 d5 12. exd5 Nxd5 13. Ng3 Be6 14. Bd2 Ba7 15. Qc2 Qf6 16. d4 Ne3 17. Bxe3 Bxc4 18. dxe5 Nxe5 19. Nxe5 Bb3 20. Qc1 Rxe5 21. Bxa7 b6 22. Rxe5 Qxe5 23. Qe3 Qxe3 24. fxe3 Ra8 25. Bxb6 cxb6 26. Nf5 Bc2 27. Nd4 Be4 28. Rf1 Re8 29. Rf4 Re5 30. Kf2 f5 31. Kg1 g6 32. Rf2 Kg7 33. Rd2 h5 34. h4 Rd5 35. Ne6+ Kf6 36. Rxd5 Bxd5 37. Nf4 Bf7 38. Kf2 Ke5 39. Kf3 Be8 40. g3 Bc6+ 41. Ke2 Bb5+ 42. Kd2 Be8 43. Kd3 Bb5+ 44. c4 Be8 45. Ne2 Bd7 46. Nc3 Bc6 47. Ke2 Be8 48. Kd2 Bc6 49. Kc2 Be8 50. b3 axb3+ 51. Kxb3 Bc6 52. Kb4 Be8 53. c5 bxc5+ 54. Kxc5 Bd7 55. Kc4 Be8 56. Kb4 Kf6 57. a4 g5 58. a5 Bc6 59. Kc5 Ba8 60. Kd6 gxh4 61. gxh4 f4 62. exf4 Kf5 63. Nd5 Kg4 64. Ke5 Kxh4 65. f5 Kg5 66. f6 Kg6 67. Nf4+ Kh6 68. Nxh5 Kg6 69. Nf4+ Kf7 70. a6 Bc6 71. a7 Ba8 72. Nd5 Bb7 73. Ne3 Bc6 74. Nc4 Ba8 75. Kf5 Bd5 76. Nd6+ Kf8 77. Ke5 Bc6 78. Kd4 Ba8 79. Kc5 Be4 80. Kb6 Ba8 81. Kc7 Bf3 82. Nb7 Be4 1-0


[Site "https://www.chess.com"]

[Event "Titled Tuesday Blitz August 15 Early 2023"]
[White "Demchenko, Anton"]
[Black "GaiozNigalidze"]
[WhiteFideId "4160258"]
[WhiteElo "2915"]
[BlackElo "2714"]
[Result "0-1"]
[Round "6"]
[TimeControl "180+1"]
[Date "2023.08.15"]
[WhiteClock "0:00:00"]
[BlackClock "0:00:19"]
[Board "28"]

1. e4 c5 2. Nc3 Nc6 3. Bb5 e5 4. d3 Bd6 5. Nge2 Nge7 6. O-O O-O 7. a3 Nd4 8. Bc4 Ng6 9. Nxd4 cxd4 10. Nd5 Ne7 11. Qh5 Nxd5 12. Bxd5 Qf6 13. f4 exf4 14. g3 g5 15. gxf4 Bxf4 16. Bxf4 gxf4 17. Qg4+ Qg6 18. Rxf4 d6 19. Qxg6+ hxg6 20. Raf1 Be6 21. Bxe6 fxe6 22. Rf6 Rxf6 23. Rxf6 Re8 24. Rxg6+ Kf7 25. Rg2 Rh8 26. Rf2+ Ke7 27. Kg2 Rg8+ 28. Kf1 Rh8 29. Rg2 Kf6 30. Kg1 b5 31. Rf2+ Ke7 32. Kf1 a5 33. Ke1 b4 34. axb4 axb4 35. Kd2 Rh3 36. b3 Rh8 37. Kc1 Rh7 38. Kb2 e5 39. Rg2 Kd7 40. Kc1 Kc6 41. Kd1 d5 42. Ke1 dxe4 43. dxe4 Rh4 44. Re2 Kd6 45. Kf1 Rh3 46. Kg2 Rh8 47. h3 Rg8+ 48. Kf3 Rf8+ 49. Kg3 Rg8+ 50. Kh2 Rh8 51. Rg2 Kc5 52. Rg5 Kd6 53. Kg3 Rc8 54. Rg6+ Kd7 55. Rg7+ Kd6 56. Rg6+ Kd7 57. Rg7+ Ke6 58. Rg6+ Kf7 59. Rb6 Rxc2 60. Rxb4 d3 61. Rb7+ Ke6 62. Rb6+ Ke7 63. Rb5 d2 64. Rxe5+ Kf6 65. Rd5 Rc3+ 66. Kf4 Rxh3 67. b4 Rb3 0-1


[Site "https://www.chess.com"]

[Event "Titled Tuesday Blitz August 15 Early 2023"]
[White "Grigorjev, Iljya"]
[Black "Gorovets, Andrey"]
[WhiteFideId "24159565"]
[BlackFideId "13504037"]
[WhiteElo "2911"]
[BlackElo "2710"]
[Result "0-1"]
[Round "6"]
[TimeControl "180+1"]
[Date "2023.08.15"]
[WhiteClock "0:00:00"]
[BlackClock "0:00:05"]
[Board "29"]

1. d4 f5 2. c4 Nf6 3. Nf3 e6 4. a3 b6 5. Nc3 Bb7 6. Bf4 g6 7. d5 Na6 8. Nd4 Bg7 9. dxe6 O-O 10. e3 Nc5 11. exd7 Qxd7 12. Nf3 Rad8 13. Qxd7 Rxd7 14. Be5 Re8 15. Bd4 Nb3 16. Bxf6 Nxa1 17. Bxg7 Bxf3 18. gxf3 Kxg7 19. f4 Nc2+ 20. Ke2 Nd4+ 21. Kd3 Nf3+ 22. Ke2 Nd4+ 23. Kd3 Ne6+ 24. Kc2 Red8 25. Be2 Rd2+ 26. Kc1 Nc5 27. Rd1 Nb3+ 28. Kb1 Rxd1+ 29. Bxd1 Nd2+ 30. Kc2 Nxc4 31. Be2 Nd6 32. Bf3 Nc4 33. Be2 Nd6 34. Bf3 Nf7 35. b4 c5 36. bxc5 bxc5 37. Bd5 Nd6 38. Bc6 Rc8 39. Bd7 Rc7 40. Be6 Rb7 41. Bd5 Rb6 42. Ba2 Ra6 43. Kb2 c4 44. a4 Rb6+ 45. Kc2 Rc6 46. Kd2 Rc5 47. Kc2 Ra5 48. f3 h6 49. h4 Kf6 50. Kd2 g5 51. fxg5+ hxg5 52. hxg5+ Kxg5 53. Bb1 f4 54. exf4+ Kxf4 55. Ne2+ Kxf3 56. Nd4+ Kf4 57. Bc2 Rh5 58. Ne6+ Ke5 59. Nd8 Kd5 60. Bd1 Rh2+ 61. Kc1 Kd4 62. Ne6+ Kc3 0-1


[Site "https://www.chess.com"]

[Event "Titled Tuesday Blitz August 15 Early 2023"]
[White "He, Anthony"]
[Black "Bacrot, Etienne"]
[WhiteFideId "2088215"]
[BlackFideId "605506"]
[WhiteElo "2907"]
[BlackElo "2868"]
[Result "0-1"]
[Round "6"]
[TimeControl "180+1"]
[Date "2023.08.15"]
[WhiteClock "0:00:16"]
[BlackClock "0:00:33"]
[Board "30"]

1. e4 c5 2. Ne2 d6 3. g3 g6 4. Bg2 Bg7 5. c3 Bg4 6. h3 Bxe2 7. Qxe2 Nc6 8. O-O Nf6 9. d3 O-O 10. f4 Rc8 11. Nd2 b5 12. Nf3 b4 13. g4 Nd7 14. Bd2 Rb8 15. Qe1 bxc3 16. bxc3 Rb2 17. Qh4 e6 18. Qg3 Qa5 19. f5 Nde5 20. Nxe5 Bxe5 21. Bf4 Qxc3 22. fxe6 fxe6 23. Bh6 Qd4+ 24. Kh1 Rff2 25. Qh4 Bf6 26. Qg3 Rxg2 27. Qxg2 Rxg2 28. Kxg2 Qxa1 0-1


[Site "https://www.chess.com"]

[Event "Titled Tuesday Blitz August 15 Early 2023"]
[White "Papasimakopoulos, Alexandros"]
[Black "Galchenko, Matvey"]
[WhiteFideId "4244125"]
[BlackFideId "24175480"]
[WhiteElo "2688"]
[BlackElo "2902"]
[Result "1/2-1/2"]
[Round "6"]
[TimeControl "180+1"]
[Date "2023.08.15"]
[WhiteClock "0:00:38"]
[BlackClock "0:00:11"]
[Board "31"]

1. d4 Nf6 2. c4 c5 3. d5 e6 4. Nc3 exd5 5. cxd5 d6 6. Nf3 g6 7. Bf4 Bg7 8. Qa4+ Bd7 9. Qb3 O-O 10. Bxd6 Ba4 11. Qxa4 Qxd6 12. Rd1 Nbd7 13. e3 a6 14. Qb3 b5 15. a3 b4 16. axb4 cxb4 17. Na4 Ne4 18. Be2 Ndc5 19. Nxc5 Nxc5 20. Qc2 b3 21. Qb1 Na4 22. Rd2 Rac8 23. O-O Rc5 24. Nd4 Qxd5 25. Bxa6 Rb8 26. Be2 Qb7 27. Bf3 Qc7 28. h3 Bxd4 29. Rxd4 Nb6 30. Qd3 Nc4 31. Rd7 Nxb2 32. Qd4 Qe5 33. Rb1 Qxd4 34. exd4 Rc2 35. Bd5 Rd2 36. Rxf7 Kh8 37. Rb7 Rxb7 38. Bxb7 Rd1+ 39. Rxd1 Nxd1 40. Be4 Nc3 41. Bd3 b2 42. Kf1 Kg7 43. Ke1 Kf6 44. Kd2 b1=Q 45. Bxb1 Nxb1+ 46. Kd3 Na3 47. f4 Kf5 48. g3 h5 49. d5 Nb5 50. Kc4 Nd6+ 51. Kd4 Kf6 52. g4 h4 53. Kc5 Ke7 54. Kc6 Ne4 55. Kc7 Nd6 56. Kc6 Ne8 57. f5 gxf5 58. gxf5 Kf6 59. d6 Nxd6 60. Kxd6 Kxf5 61. Kd5 Kf4 62. Kd4 Kg3 63. Ke3 Kxh3 64. Kf2 Kh2 65. Kf1 h3 66. Kf2 Kh1 67. Kf1 h2 68. Kf2 1/2-1/2


[Site "https://www.chess.com"]

[Event "Titled Tuesday Blitz August 15 Early 2023"]
[White "Donchenko, Alexander"]
[Black "Ovchinnikov, Vsevolod"]
[WhiteFideId "24603295"]
[BlackFideId "24176842"]
[WhiteElo "2898"]
[BlackElo "2643"]
[Result "1-0"]
[Round "6"]
[TimeControl "180+1"]
[Date "2023.08.15"]
[WhiteClock "0:00:47"]
[BlackClock "0:00:00"]
[Board "32"]

1. Nf3 Nf6 2. g3 g6 3. Bg2 d5 4. O-O Bg7 5. d4 O-O 6. c4 dxc4 7. Na3 Nc6 8. Nxc4 Be6 9. b3 Bd5 10. Bb2 a5 11. Ne3 Be4 12. a3 Qc8 13. Rc1 Rd8 14. Nc4 h6 15. Ncd2 Bd5 16. Qc2 Qe6 17. Rfe1 Ne4 18. Nc4 Nf6 19. Red1 Rac8 20. Ncd2 Qxe2 21. Bf1 Qe6 22. Re1 Qg4 23. Ne5 Nxe5 24. dxe5 Nd7 25. Be2 Qf5 26. Bd3 Qh3 27. Bf1 Qf5 28. Bd3 Qh3 29. Bf1 Qe6 30. Nc4 b6 31. h4 Nc5 32. b4 axb4 33. axb4 Nd7 34. Kh2 Qf5 35. Qxf5 gxf5 36. Ne3 Be4 37. f3 Bxf3 38. Nxf5 Bf8 39. e6 Nf6 40. Bxf6 1-0


[Site "https://www.chess.com"]

[Event "Titled Tuesday Blitz August 15 Early 2023"]
[White "Kovalev, Vladislav"]
[Black "Di Nicolantonio, Lucas"]
[WhiteFideId "13504398"]
[BlackFideId "680460"]
[WhiteElo "2878"]
[BlackElo "2600"]
[Result "0-1"]
[Round "6"]
[TimeControl "180+1"]
[Date "2023.08.15"]
[WhiteClock "0:00:03"]
[BlackClock "0:00:02"]
[Board "33"]

1. e4 c6 2. Nf3 d5 3. d3 g6 4. Nc3 Bg7 5. g3 e5 6. Bg2 Ne7 7. O-O O-O 8. Re1 d4 9. Nb1 c5 10. a4 Nbc6 11. Na3 h6 12. Nc4 Be6 13. Nh4 Qd7 14. Bd2 Kh7 15. Rf1 g5 16. Nf5 Nxf5 17. exf5 Bxf5 18. f4 exf4 19. gxf4 g4 20. Ne5 Nxe5 21. fxe5 Bg6 22. Qe1 Rae8 23. Bf4 f6 24. Qh4 fxe5 25. Bd2 e4 26. dxe4 Rxf1+ 27. Rxf1 Bxe4 28. Bxe4+ Rxe4 29. Qh5 Re7 30. Bxh6 Re5 31. Bg5+ Kg8 32. Qg6 Qe8 33. Qd6 Rxg5 34. Qc7 g3 35. hxg3 Be5 36. Qxb7 Rxg3+ 37. Kf2 Bf4 38. Qd5+ Kg7 39. Re1 Qf7 40. Re6 Be5+ 41. Ke2 Qh5+ 42. Kd2 Bf4+ 43. Ke1 Qxd5 0-1


[Site "https://www.chess.com"]

[Event "Titled Tuesday Blitz August 15 Early 2023"]
[White "Degenbaev, Aziz"]
[Black "Lysyj, Igor"]
[WhiteFideId "13802640"]
[BlackFideId "4150120"]
[WhiteElo "2548"]
[BlackElo "2869"]
[Result "0-1"]
[Round "6"]
[TimeControl "180+1"]
[Date "2023.08.15"]
[WhiteClock "0:00:31"]
[BlackClock "0:01:13"]
[Board "34"]

1. e4 e5 2. Nf3 Nc6 3. d4 exd4 4. Nxd4 Nf6 5. Nxc6 bxc6 6. e5 Qe7 7. Qe2 Nd5 8. h4 d6 9. exd6 Qxe2+ 10. Bxe2 Bxd6 11. c4 Nb4 12. Na3 Bf5 13. O-O O-O-O 14. Be3 Be5 15. g4 Be4 16. f3 Bd3 17. Bxd3 Rxd3 18. Bc5 a5 19. Rf2 Na6 20. Re2 f6 21. Bf2 Rxf3 22. Nc2 Rd8 23. Ne3 Nb4 24. g5 Nd3 0-1


[Site "https://www.chess.com"]

[Event "Titled Tuesday Blitz August 15 Early 2023"]
[White "Gubajdullin, Alexei"]
[Black "Kashefi, Amir Hosein"]
[WhiteFideId "4141202"]
[BlackFideId "12557935"]
[WhiteElo "2709"]
[BlackElo "2520"]
[Result "1-0"]
[Round "6"]
[TimeControl "180+1"]
[Date "2023.08.15"]
[WhiteClock "0:00:10"]
[BlackClock "0:00:00"]
[Board "35"]

1. d4 d5 2. Nf3 Nf6 3. Bf4 c6 4. Nbd2 Bg4 5. e3 e6 6. c4 Bd6 7. Bxd6 Qxd6 8. Qb3 Qc7 9. Ne5 O-O 10. Nxg4 Nxg4 11. Be2 Nf6 12. Rc1 Qb6 13. Qxb6 axb6 14. a3 Nbd7 15. O-O g6 16. Rfd1 Kg7 17. h4 Rfe8 18. Kf1 h5 19. Nf3 Ne4 20. g3 Nd6 21. Rc2 dxc4 22. Bxc4 Nxc4 23. Rxc4 b5 24. Rc2 Nb6 25. Ne5 Ra4 26. Rdc1 b4 27. axb4 Rxb4 28. Nd3 Rb5 29. Rc5 Rb3 30. R1c3 Rxc3 31. Rxc3 Ra8 32. Rb3 Ra6 33. Nc5 Ra1+ 34. Ke2 Na4 35. Rxb7 Nxc5 36. dxc5 Rc1 37. b4 Rc2+ 38. Kd3 Rxf2 39. Rb6 Rb2 40. Kc3 Re2 41. Rxc6 Rxe3+ 42. Kd4 Rxg3 43. b5 g5 44. b6 Rb3 45. hxg5 h4 46. Kc4 Rb1 47. Rd6 Kg6 48. Rd3 Kxg5 49. Rd7 Kg6 50. Rd8 Kg7 51. Rd4 h3 52. Rh4 f5 53. Rxh3 f4 54. Kd4 Kf6 55. Ke4 e5 56. Rh6+ Kg5 57. Re6 Re1+ 58. Kd5 f3 59. Re8 e4 60. Rf8 Kg4 61. b7 Rb1 62. c6 e3 63. b8=Q e2 64. Qc8+ Kg3 65. Qc7+ Kg2 66. Rg8+ Kf1 67. Qh2 Rd1+ 68. Kc5 Rc1+ 69. Kb6 Ke1 70. Rg1+ Kd2 71. Qf4+ Kd3 72. Qxc1 f2 73. c7 f1=Q 74. Rxf1 e1=Q 75. Rxe1 1-0


[Site "https://www.chess.com"]

[Event "Titled Tuesday Blitz August 15 Early 2023"]
[White "Leiva, Gianmarco"]
[Black "Grischuk, Alexander"]
[WhiteFideId "3804399"]
[BlackFideId "4126025"]
[WhiteElo "2721"]
[BlackElo "3038"]
[Result "0-1"]
[Round "6"]
[TimeControl "180+1"]
[Date "2023.08.15"]
[WhiteClock "0:00:01"]
[BlackClock "0:00:16"]
[Board "36"]

1. d4 e6 2. Nf3 c5 3. c3 Nf6 4. Bf4 b6 5. e3 Bb7 6. Nbd2 cxd4 7. exd4 Be7 8. Bd3 d6 9. O-O O-O 10. a4 a6 11. Nc4 Qc7 12. Qb3 Bxf3 13. gxf3 Nbd7 14. Qa3 Ne8 15. Ne3 Ndf6 16. Rfe1 g6 17. Ng4 Nh5 18. Bh6 Neg7 19. d5 e5 20. Bf1 Rfe8 21. a5 Nf5 22. axb6 Qxb6 23. Be3 Nxe3 24. Nxe3 Nf4 25. Nc4 Qb8 26. Rad1 a5 27. Re4 Qc7 28. Ne3 Reb8 29. Rc4 Qb7 30. Rd2 Rc8 31. Rxc8+ Qxc8 32. c4 Qc7 33. Qa4 Rc8 34. b3 Kg7 35. Ra2 Bd8 36. Qb5 Qe7 37. Qa6 Rb8 38. Kh1 Bb6 39. Ra1 Bd4 40. Rd1 Rxb3 41. Qxa5 Rb2 42. Rd2 Rb1 43. Rd1 Rb7 44. Qe1 Bc5 45. Ng2 Qf6 46. Nxf4 Qxf4 47. Qe4 Qf6 48. f4 Rb2 49. Qf3 Rxf2 50. fxe5 Qxf3+ 0-1


[Site "https://www.chess.com"]

[Event "Titled Tuesday Blitz August 15 Early 2023"]
[White "Shyam, Sundar M."]
[Black "Indjic, Aleksandar"]
[WhiteFideId "5019141"]
[BlackFideId "911925"]
[WhiteElo "2700"]
[BlackElo "3016"]
[Result "0-1"]
[Round "6"]
[TimeControl "180+1"]
[Date "2023.08.15"]
[WhiteClock "0:00:06"]
[BlackClock "0:01:20"]
[Board "37"]

1. e4 e5 2. Nf3 Nc6 3. Bb5 a6 4. Ba4 Nf6 5. O-O Be7 6. d3 b5 7. Bb3 d6 8. Bd2 O-O 9. Re1 h6 10. a3 Bg4 11. c3 Na5 12. Bc2 c5 13. h3 Bh5 14. Bc1 c4 15. Nbd2 cxd3 16. Bxd3 Nd7 17. b4 Nc6 18. Nf1 Nb6 19. Be3 Na4 20. Rc1 Nb2 21. Qe2 Nxd3 22. Qxd3 Bxf3 23. gxf3 Bg5 24. Kh2 Qf6 25. Bxg5 Qxg5 26. Ne3 Ne7 27. Rg1 Qf4+ 28. Rg3 h5 29. Kg2 Rfd8 30. Rg1 Rac8 31. Kf1 g6 32. Ke2 Kf8 33. Qd2 Rc6 34. Rc1 d5 35. Nxd5 Nxd5 36. exd5 Qxd2+ 37. Kxd2 Rxd5+ 38. Kc2 Rc4 39. Kb3 Rf4 40. Re1 h4 41. Rg5 Rxf3 42. Rgxe5 Rdd3 43. R5e3 Rxh3 44. a4 bxa4+ 45. Kxa4 Rxc3 46. Ka5 Rhxe3 47. fxe3 Ra3+ 48. Kb6 g5 49. e4 g4 0-1


[Site "https://www.chess.com"]

[Event "Titled Tuesday Blitz August 15 Early 2023"]
[White "Hua, Lefong"]
[Black "Andreikin, Dmitry"]
[WhiteFideId "2602253"]
[BlackFideId "4158814"]
[WhiteElo "2699"]
[BlackElo "2991"]
[Result "0-1"]
[Round "6"]
[TimeControl "180+1"]
[Date "2023.08.15"]
[WhiteClock "0:01:05"]
[BlackClock "0:01:32"]
[Board "38"]

1. d4 Nf6 2. c4 e6 3. Nc3 Bb4 4. f3 d5 5. a3 Bxc3+ 6. bxc3 O-O 7. cxd5 exd5 8. e3 Bf5 9. Bd3 Bxd3 10. Qxd3 Qd6 11. Ne2 Qa6 12. Qxa6 Nxa6 13. Ng3 c5 14. Bd2 Rac8 15. Ke2 Rfe8 16. Kd3 Nb8 17. Rab1 b6 18. e4 dxe4+ 19. fxe4 Nc6 20. Bg5 Ng4 21. Be3 Rcd8 22. d5 Nce5+ 23. Ke2 Nc4 24. Bc1 Rxd5 25. h3 Nf6 26. Kf2 Nxe4+ 27. Nxe4 Rxe4 28. a4 h5 29. h4 Rf5+ 30. Kg3 Re2 31. Rd1 Rff2 0-1


[Site "https://www.chess.com"]

[Event "Titled Tuesday Blitz August 15 Early 2023"]
[White "Demidov, Mikhail"]
[Black "Skvortsov, Andrei"]
[WhiteFideId "4197143"]
[BlackFideId "24108600"]
[WhiteElo "2929"]
[BlackElo "2693"]
[Result "1-0"]
[Round "6"]
[TimeControl "180+1"]
[Date "2023.08.15"]
[WhiteClock "0:01:44"]
[BlackClock "0:00:03"]
[Board "39"]

1. Nf3 e6 2. e4 d5 3. exd5 exd5 4. d4 Nf6 5. c4 Bb4+ 6. Nc3 O-O 7. Bd3 Re8+ 8. Be3 c6 9. O-O dxc4 10. Bxc4 b5 11. Bb3 Be6 12. Bg5 h6 13. Bh4 g5 14. Bg3 Nbd7 15. Rc1 Rc8 16. Re1 Nf8 17. Ne5 a5 18. h4 Bxb3 19. Qxb3 Ne6 20. hxg5 hxg5 21. Rcd1 Kg7 22. a3 Bxc3 23. bxc3 Qd5 24. Qc2 Rcd8 25. Nf3 Ng4 26. Be5+ f6 27. Qf5 fxe5 28. Qxg4 exd4 29. Re5 Qb3 30. Nxg5 Nf8 31. Ne6+ 1-0


[Site "https://www.chess.com"]

[Event "Titled Tuesday Blitz August 15 Early 2023"]
[White "Prohaszka, Peter"]
[Black "Moskalenko, Alexander"]
[WhiteFideId "726265"]
[BlackFideId "4155351"]
[WhiteElo "2691"]
[BlackElo "2896"]
[Result "1/2-1/2"]
[Round "6"]
[TimeControl "180+1"]
[Date "2023.08.15"]
[WhiteClock "0:00:01"]
[BlackClock "0:00:06"]
[Board "40"]

1. e4 e5 2. Nf3 Nc6 3. Bc4 Nf6 4. d3 h6 5. a4 d6 6. a5 a6 7. Nc3 g6 8. Nd5 Bg7 9. c3 Nxd5 10. Bxd5 Ne7 11. Bb3 Be6 12. Bxe6 fxe6 13. Qb3 Qd7 14. h4 O-O 15. h5 g5 16. Nh2 c5 17. Be3 Kh8 18. Ng4 Ng8 19. f3 Rac8 20. Qa4 Qf7 21. O-O-O Nf6 22. Nxf6 Bxf6 23. Kb1 Qe8 24. Qxe8 Rfxe8 25. Rd2 Rf8 26. d4 exd4 27. cxd4 c4 28. d5 c3 29. bxc3 Bxc3 30. Rd3 e5 31. Bb6 Rc4 32. Rc1 Rfc8 33. Ka2 Kg7 34. Rc2 Kf6 35. g4 Ke7 36. Kb3 Rb4+ 37. Ka3 Rbc4 38. Kb3 Rb4+ 39. Ka3 Rbc4 40. Re2 Bd4 41. Red2 Bxb6 42. axb6 R8c5 43. Rb3 Kd7 44. Kb2 Rc1 45. Re2 R5c4 46. Rd2 Rc5 47. Re2 R1c4 48. Rd2 a5 49. Ka3 a4 50. Rbd3 Rb5 51. Rb2 Rxb2 52. Kxb2 Rb4+ 53. Ka3 Rxb6 54. Kxa4 Rb1 55. Rc3 Rb2 56. Ka5 Rb1 57. Ka4 Rb6 58. Ka5 Ra6+ 59. Kb5 Ra1 60. Kb6 Rb1+ 61. Ka7 Rb2 62. Kb8 b5 63. Kb7 b4 64. Rc7+ Kd8 65. Rc6 Ke7 66. Rc7+ Kd8 67. Rc6 Kd7 68. Rc7+ Ke8 69. Rc6 Ke7 70. Rc7+ Ke8 71. Rc6 Kd7 72. Rc7+ 1/2-1/2


[Site "https://www.chess.com"]

[Event "Titled Tuesday Blitz August 15 Early 2023"]
[White "Ozen, Deniz"]
[Black "Maltsevskaya, Aleksandra"]
[WhiteFideId "6349196"]
[BlackFideId "24174041"]
[WhiteElo "2852"]
[BlackElo "2682"]
[Result "1-0"]
[Round "6"]
[TimeControl "180+1"]
[Date "2023.08.15"]
[WhiteClock "0:00:53"]
[BlackClock "0:00:00"]
[Board "41"]

1. Nf3 Nf6 2. d4 g6 3. Nc3 d6 4. e4 Bg7 5. Be2 O-O 6. O-O Nbd7 7. Be3 e5 8. dxe5 dxe5 9. a4 c6 10. Bc4 Qe7 11. h3 Nc5 12. Nd2 Nh5 13. Nb3 Ne6 14. a5 Nhf4 15. Qf3 Ng5 16. Qg3 h5 17. Bxf4 exf4 18. Qxf4 Bxh3 19. Rfe1 Be6 20. Bxe6 Nxe6 21. Qe3 a6 22. Rad1 Rad8 23. Nd5 Qh4 24. Nc3 Rxd1 25. Rxd1 Qg4 26. Re1 Rd8 27. e5 Re8 28. Ne2 Ng5 29. f4 Bxe5 30. fxe5 Rxe5 31. Qd3 Rf5 32. Nbd4 Rd5 33. Qe3 c5 34. Nf3 Nh3+ 35. Kh2 1-0


[Site "https://www.chess.com"]

[Event "Titled Tuesday Blitz August 15 Early 2023"]
[White "Hoang, Thi Bao Tram"]
[Black "Pakleza, Zbigniew"]
[WhiteFideId "12401102"]
[BlackFideId "1119290"]
[WhiteElo "2673"]
[BlackElo "2814"]
[Result "0-1"]
[Round "6"]
[TimeControl "180+1"]
[Date "2023.08.15"]
[WhiteClock "0:00:06"]
[BlackClock "0:00:13"]
[Board "42"]

1. Nf3 d5 2. g3 Nf6 3. Bg2 Bf5 4. c4 c6 5. O-O e6 6. d3 Nbd7 7. Nc3 Be7 8. cxd5 cxd5 9. Nd4 Bg6 10. e4 Nb6 11. e5 Nfd7 12. Qe2 O-O 13. f4 Re8 14. Kh1 Bf8 15. Be3 Rc8 16. Rad1 h6 17. Bc1 a6 18. g4 Bh7 19. Qf3 Qc7 20. Qg3 Nc5 21. Nde2 d4 22. Nxd4 Rcd8 23. Nce2 Nd5 24. a3 Qb6 25. b4 Na4 26. f5 Nac3 27. Nxc3 Nxc3 28. fxe6 fxe6 29. Be3 Nxd1 30. Rxd1 Rxd4 31. Qf2 Red8 32. Rf1 Bxd3 33. Qf7+ Kh8 34. Rf4 Rxf4 35. Bxb6 Rxf7 36. Bxd8 0-1


[Site "https://www.chess.com"]